AoeStats
← Hannibal Lecter

Arabia

505626740Analyzed
2v2 RM · 23d ago on Sep 10, 2026· 26m 41s· 4 players
Game mode
Random Map
Map size
Medium (4 player)
Population
200
Speed
Normal
Resources
Standard
Victory
Conquest
Starting age
Dark Age
Ending age
Imperial Age
RankedLock teamsTeams togetherTeam positionsShared explorationLock speedFull tech treeHidden civsTurbo modeCheats
Victory
Defeat
🇦🇷 Vietnamese · Argentina
1082
+18
🇦🇷 Magyars · Argentina
1057
+19
🇧🇪 Franks · Belgium
1145
-19
🇷🇺 Goths · Russia
1102
-18
Hannibal Lecter
0:47 Loom
12:51 Feudal Age
16:49 Wheelbarrow
20:14 Castle Age
19:05 Scale Mail Armor
19:17 Double-Bit Axe
20:01 Horse Collar
24:24 Man-at-Arms
25:06 Squires
25:33 Chain Mail Armor
26:00 Gold Mining
hakki
10:19 Feudal Age
10:59 Double-Bit Axe
13:26 Loom
17:31 Castle Age
15:57 Gold Mining
17:20 Scale Barding Armor
17:58 Wheelbarrow
18:28 Bow Saw
19:03 Gold Shaft Mining
19:53 Forging
21:02 Scale Barding Armor
20:59 Husbandry
22:26 Chain Barding Armor
22:16 Town Watch
★Handal
5:08 Loom
10:19 Feudal Age
11:16 Double-Bit Axe
11:14 Horse Collar
14:18 Gold Mining
14:43 Fletching
16:05 Wheelbarrow
22:51 Castle Age
22:04 Stone Mining
22:38 Padded Archer Armor
22:58 Crossbowman
23:49 Thumb Ring
23:52 Bodkin Arrow
24:13 Leather Archer Armor
24:13 Bow Saw
24:07 Heavy Plow
La J0dÁ~~
6:59 Loom
9:06 Feudal Age
9:41 Double-Bit Axe
11:41 Double-Bit Axe
12:35 Horse Collar
18:05 Wheelbarrow
20:52 Castle Age
21:14 Pikeman
22:24 Scale Barding Armor
Connection lost

Rejoining the realm…

Still unreachable

The connection could not be restored.

Session expired

The server has moved on; the page needs a fresh start.